 Dungeon Sprint DCSS version 0.28.0-43-g3370ac3207 (webtiles) character file.

Game seed: 7693781768881320435

2833 boopmooplesden the Fencer (level 9, -5/135 HPs)
             Began as a Minotaur Berserker on Mar 12, 2022.
             Was a High Priest of Trog.
             Slain by a tentacle (8 damage)
             ... attached to a kraken
             ... in the Dungeon (Sprint II: "The Violet Keep of Menkaure").
             The game lasted 00:02:36 (925 turns).

boopmooplesden the Fencer (Minotaur Berserker)       Turns: 925, Time: 00:02:38

Health: -5/135     AC:  8    Str: 23    XL:     9   Next: 45%
Magic:  8/8        EV: 13    Int:  6    God:    Trog [*****.]
Gold:   376        SH:  0    Dex: 11    Spells: 8/8 levels left

rFire   . . .      SeeInvis +   k - +6 great sword (flame)
rCold   . . .      Faith    .   (shield currently unavailable)
rNeg    . . .      Spirit   .   j - +0 scale mail of Patience {Will+ rCorr}
rPois   .          Reflect  .   i - +0 mask of the Dragon {Will+ Slay+3 SInv}
rElec   .          Harm     .   (no cloak)
rCorr   +          Rampage  .   (no gloves)
Will    ++...      NoTele   +   (no boots)
Stlth   ..........              (no amulet)
HPRegen 0.32/turn               (no ring)
MPRegen 0.11/turn               (no ring)

@: berserking, very quick
A: horns 2, retaliatory headbutt, frail 1
a: Renounce Religion, Berserk, Trog's Hand, Brothers in Arms


You were in the Dungeon.
You worshipped Trog.
Trog was extremely pleased with you.
You visited 1 branch You collected 1053 gold pieces.
You spent 677 gold pieces at shops.

Inventory:

Hand Weapons
 a - a +0 falchion
 k - a +6 great sword of flaming (weapon)
 l - the +8 battleaxe of Responsibility {vorpal, rElec rCorr Str+3 Dex+2}
   (Trog gifted it to you in the Dungeon)

   It inflicts extra damage upon your enemies.
   Str:       It affects your strength (+3).
   Dex:       It affects your dexterity (+2).
   rElec:     It insulates you from electricity.
   rCorr:     It protects you from acid and corrosion.
Armour
 b - a +0 animal skin
 i - the +0 mask of the Dragon (worn) {Will+ Slay+3 SInv}
   (You bought it in a shop in the Dungeon)

   Slay:      It affects your accuracy & damage with ranged weapons and melee
   (+3).
   SInv:      It lets you see invisible.
   Will:      It increases your willpower.
 j - the +0 scale mail of Patience (worn) {Will+ rCorr}
   (You bought it in a shop in the Dungeon)

   rCorr:     It protects you from acid and corrosion.
   Will:      It increases your willpower.
Scrolls
 h - a scroll of blinking
Potions
 c - a potion of curing
 d - a potion of heal wounds
 e - a potion of haste
 f - 2 potions of magic
 g - a potion of berserk rage


   Skills:
 + Level 16.0 Fighting
 + Level 16.4 Long Blades
 + Level 9.6 Armour
 + Level 9.0 Dodging
 + Level 1.3 Stealth


You had 8 spell levels left.
You didn't know any spells.
Your spell library was empty.

Dungeon Overview and Level Annotations

Branches:
Dungeon (1/1)

Altars:
Cheibriados
Dithmenos
Elyvilon
Fedhas
Gozag
Hepliaklqana
Kikubaaqudgha
Makhleb
Qazlal
Ru
Sif Muna
Trog
Wu Jian
Xom
Beogh
Jiyva
Lugonu

Shops:
D [!:?(=[[[(?[!=:

Annotations:
D exclusion: oklob plant


Innate Abilities, Weirdness & Mutations

You have a pair of horns on your head.
You reflexively headbutt those who attack you in melee.
You are frail. (-10% HP)


Message History

The walls and floor vibrate strangely for a moment.
You start resting.
HP restored.
You see here a water moccasin skeleton.
You see here the +8 battleaxe of Responsibility {vorpal, rElec rCorr Str+3 Dex+2}.
l - the +8 battleaxe of Responsibility {vorpal, rElec rCorr Str+3 Dex+2} A red film seems to cover your vision as you go berserk!
You feel yourself moving faster!
You feel mighty!
Tentacles burst out of the water! 3 tentacles come into view.
You slice the tentacle!! You burn the tentacle. You headbutt the tentacle!
The tentacle is severely wounded.
The tentacle slaps you!! x2
You slice the tentacle!! You burn the tentacle.
You kill the tentacle!
The tentacle slaps you!!
A tentacle rises from the water!
You slash the tentacle! You burn the tentacle.
The tentacle is lightly wounded.
The tentacle slaps you but does no damage.
The tentacle slaps you!!
You slice the tentacle!! You burn the tentacle.
The tentacle is almost dead.
The tentacle closely misses you. You furiously retaliate!
You headbutt the tentacle!
You kill the tentacle!
The tentacle slaps you. The kraken misses you. The tentacle misses you.
The tentacle slaps you.
You slash the kraken! You burn the kraken.
The kraken is heavily wounded.
The kraken closely misses you. You furiously retaliate!
You headbutt the kraken! The tentacle misses you.
The tentacle slaps you but does no damage.
You hit the kraken but do no damage. You headbutt the kraken.
The kraken is severely wounded.
The tentacle slaps you!
* * * LOW HITPOINT WARNING * * *
The kraken bites you!!
* * * LOW HITPOINT WARNING * * *
The tentacle slaps you!
You die...

. .### °▓([$$$)![▓▓
...####▓?$)[!$:[▓▓
#^.##.#▓$[([$)"?▓▓
+..#.)#▓[!!$???$▓▓
#..#††#▓!$)?($([▓▓
#..##.#▓(($[!$!)▓▓
##§..##▓▓▓▓▓▓▓'▓▓▓▓+▓
.≈≈≈≈≈≈≈≈÷≈≈≈≈..@X≈≈▓
.≈#+########'###www≈▓
.≈#.._.....#≈≈§##≈≈≈▓
.≈#._._....#≈≈§§####▓
≈≈#_._._...#≈≈§§≈#
≈≈#._._._..#§≈§§≈≈#
≈≈#_._._._.#≈≈≈§§≈+
≈≈#._._._._#≈§§≈≈S#


You could see a kraken and 3 tentacles.

Vanquished Creatures
  A yaktaur (D)
  3 polar bears (D)
  A hornet (D)
  4 neqoxecs (D)
  A vampire mosquito (D)
  Menkaure (D)
  4 water moccasins (D)
  4 necrophages (D)
  4 scorpions (D)
  3 worms (D)
  2 tentacles (D)
28 creatures vanquished.

Vanquished Creatures (others)
  4 tentacles (D)
4 creatures vanquished.

Grand Total: 32 creatures vanquished

Notes
Turn   | Place    | Note
-------+----------+-------------------------------------------
     0 | D        | boopmooplesden the Minotaur Berserker began the quest for
                  | the Orb.
     0 | D        | Reached XP level 1. HP: 19/19 MP: 0/0
     1 | D        | Noticed a scorpion
     1 | D        | Noticed a scorpion
     1 | D        | Noticed a scorpion
     2 | D        | Noticed a scorpion
     8 | D        | Killed a scorpion
     9 | D        | Reached XP level 2. HP: 31/31 MP: 1/1
     9 | D        | Reached XP level 3. HP: 38/38 MP: 2/2
    11 | D        | Killed a scorpion
    12 | D        | Reached XP level 4. HP: 43/48 MP: 3/3
    14 | D        | Killed a scorpion
    14 | D        | Reached ** piety under Trog
    15 | D        | Reached XP level 5. HP: 50/57 MP: 4/4
    18 | D        | Reached skill level 5 in Armour
   132 | D        | Noticed a necrophage
   132 | D        | Noticed a necrophage
   132 | D        | Noticed a necrophage
   132 | D        | Noticed a necrophage
   137 | D        | Killed a necrophage
   138 | D        | Reached skill level 10 in Fighting
   138 | D        | Reached skill level 10 in Long Blades
   138 | D        | Reached skill level 5 in Dodging
   138 | D        | Reached XP level 6. HP: 67/67 MP: 5/5
   142 | D        | Reached *** piety under Trog
   148 | D        | Reached XP level 7. HP: 77/77 MP: 6/6
   208 | D        | Reached **** piety under Trog
   219 | D        | Noticed a neqoxec
   219 | D        | Noticed a neqoxec
   219 | D        | Noticed a neqoxec
   219 | D        | Noticed a neqoxec
   223 | D        | Gained mutation: You are frail. (-10% HP) [a neqoxec]
   224 | D        | Killed a neqoxec
   230 | D        | Killed a neqoxec
   235 | D        | Killed a neqoxec
   240 | D        | Killed a neqoxec
   240 | D        | Reached ***** piety under Trog
   241 | D        | Reached XP level 8. HP: 77/77 MP: 7/7
   248 | D        | Found Kykutuxue's Jewellery Shoppe.
   248 | D        | Found Baym's Antique Armour Emporium.
   248 | D        | Found Romn's Distillery.
   248 | D        | Found Buhohono's Weapon Shoppe.
   248 | D        | Found Waasimex's Magic Scroll Shoppe.
   276 | D        | Found Qoawuicuy's Armour Shoppe.
   276 | D        | Found Hijes's Armour Emporium.
   277 | D        | Found Xosoubb's Antique Armour Shoppe.
   277 | D        | Found Dyih's Book Emporium.
   277 | D        | Found Vulyta's Jewellery Emporium.
   312 | D        | Found Dutwiwku's Antique Weapon Shoppe.
   312 | D        | Found Putode's Magic Scroll Emporium.
   312 | D        | Noticed an oklob plant
   313 | D        | Found Qoevuquo's Distillery.
   313 | D        | Found Ymixtyaw's Antique Armour Emporium.
   313 | D        | Found Zazif's Book Shoppe.
   324 | D        | Bought the +0 mask of the Dragon {Will+ Slay+3 SInv} for
                  | 434 gold pieces
   324 | D        | Found the +0 mask of the Dragon {Will+ Slay+3 SInv}
   334 | D        | Bought an encrusted scale mail for 243 gold pieces
   334 | D        | Identified the +0 scale mail of Patience {Will+ rCorr} (You
                  | bought it in a shop in the Dungeon)
   465 | D        | Found a stormy altar of Qazlal.
   466 | D        | Found a hazy altar of Hepliaklqana.
   466 | D        | Found a sacrificial altar of Ru.
   466 | D        | Found an ornate altar of the Wu Jian Council.
   467 | D        | Found a viscous altar of Jiyva.
   467 | D        | Found a shimmering blue altar of Sif Muna.
   467 | D        | Found a shimmering altar of Xom.
   468 | D        | Found a snail-covered altar of Cheibriados.
   468 | D        | Found an ancient bone altar of Kikubaaqudgha.
   468 | D        | Found a bloodstained altar of Trog.
   469 | D        | Found a shadowy altar of Dithmenos.
   469 | D        | Found a corrupted altar of Lugonu.
   470 | D        | Found a white marble altar of Elyvilon.
   470 | D        | Found a burning altar of Makhleb.
   471 | D        | Found a blossoming altar of Fedhas.
   473 | D        | Noticed a yaktaur
   473 | D        | Noticed a hornet
   473 | D        | Noticed a polar bear
   473 | D        | Noticed a polar bear
   478 | D        | Killed a polar bear
   479 | D        | Noticed a polar bear
   485 | D        | Killed a polar bear
   486 | D        | Reached skill level 15 in Long Blades
   487 | D        | Killed a hornet
   487 | D        | Received a gift from Trog
   488 | D        | Reached skill level 15 in Fighting
   491 | D        | Killed a yaktaur
   492 | D        | Reached XP level 9. HP: 64/87 MP: 8/8
   496 | D        | Killed a polar bear
   497 | D        | Reached skill level 1 in Stealth
   678 | D        | Found an opulent altar of Gozag.
   680 | D        | Noticed Menkaure
   693 | D        | Noticed a kraken
   696 | D        | Killed Menkaure
   696 | D        | Identified the +8 battleaxe of Responsibility {vorpal,
                  | rElec rCorr Str+3 Dex+2} (Trog gifted it to you in the
                  | Dungeon)
   696 | D        | Received a gift from Trog
   925 | D        | HP: 3/135 [kraken (33)]
   925 | D        | Slain by a tentacle

Illustrated notes

Levels and vault maps discovered:
D:        the_violet_keep_of_menkaure [sprint2_stairs_cluster_1,
          sprint2_shoproom, sprint2_temple, sprint2_basic_supplies,
          sprint2_obstacle_2, sprint2_obstacle_6, sprint2_obstacle_7,
          sprint2_obstacle_3, sprint2_obstacle_1, sprint2_timed_cluster_1,
          sprint2_smallroom_cluster_1, sprint2_smallroom_final_cluster_1,
          sprint2_transparent_cluster_1, sprint2_second_timed_cluster_1,
          sprint2_sniper_area_1, sprint2_heavy_combat_area_1,
          sprint2_mutation_trap_area_1, sprint2_forest_area_1,
          sprint2_light_combat_area_1, sprint2_behind_water_1,
          sprint2_near_end_vault_1]

Skill      XL: |  1  2  3  4  5  6  7  8  9 |
---------------+----------------------------+-----
Fighting       | 6 7 9 10 12 13 15 16 | 16.0
Long Blades    | 6 7 8 10 11 13 15 16 | 16.4
Armour         | 3 4 5 6 7 8 9 |  9.6
Dodging        | 3 4 5 6 7 8 9 |  9.0
Stealth        | 1 |  1.3

Action                   |  1- 3 |  4- 6 |  7- 9 || total
-------------------------+-------+-------+-------++-------
Melee: Falchion          |     9 |    18 |    64 ||    91
       Headbutt          |     2 |     4 |    17 ||    23
       Punch             |       |       |     1 ||     1
       Great sword       |       |       |    18 ||    18
Invok: Berserk           |     1 |     1 |     4 ||     6
Armor: Animal skin       |       |     2 |     1 ||     3
       Scale mail        |       |       |    16 ||    16
Dodge: Dodged            |     5 |     3 |    46 ||    54
